AoeStats
← whentrombonesfly

Arabia

509749918Analyzed
1v1 RM · 6d ago on Sep 27, 2026· 28m 32s· 2 players
Game mode
Random Map
Map size
Tiny (2 player)
Population
200
Speed
Normal
Resources
Standard
Victory
Conquest
Starting age
Dark Age
Ending age
Imperial Age
RankedLock teamsTeams togetherTeam positionsShared explorationLock speedFull tech treeHidden civsTurbo modeCheats
Victory
Defeat
🇹🇷 Mongols · Türkiye
950
+18
🇺🇸 Spanish · United States
1000
-55
Traygamor
4:02 Loom
9:53 Feudal Age
14:16 Castle Age
12:41 Double-Bit Axe
17:17 Wheelbarrow
17:27 Horse Collar
20:18 Fletching
21:00 Bow Saw
22:06 Bodkin Arrow
23:06 Gold Mining
23:58 Ballistics
24:41 Gold Shaft Mining
25:32 Devotion
25:45 Husbandry
25:52 Padded Archer Armor
26:13 Town Watch
28:26 Hand Cart
whentrombonesfly
11:43 Loom
15:12 Feudal Age
20:27 Castle Age
20:40 Pikeman
25:53 Redemption
Connection lost

Rejoining the realm…

Still unreachable

The connection could not be restored.

Session expired

The server has moved on; the page needs a fresh start.